 Dungeon Crawl Stone Soup version 0.23.2-30-g0e89c35649 (webtiles) character file.

Game seed: 2246710137781026226

415 teukkam the Covered (level 6, -1/56 HPs)
             Began as a Minotaur Fighter on June 7, 2019.
             Was a Believer of Qazlal.
             Slain by an ice beast (2 damage)
             ... on level 6 of the Dungeon.
             The game lasted 00:09:05 (2692 turns).

teukkam the Covered (Minotaur Fighter)              Turns: 2692, Time: 00:09:05

Health: -1/56      AC:  8    Str: 22    XL:     6   Next: 60%
Magic:  1/5        EV:  5    Int:  5    God:    Qazlal [**....]
Gold:   133        SH: 17    Dex: 10    Spells: 5/5 levels left

rFire    . . .     SeeInvis +   a - +6 falchion of Zatwaerr {protect, rPois}
rCold    . . .     Gourm    .   t - +0 large shield
rNeg     . . .     Faith    .   q - +1 scale mail
rPois    +         Spirit   .   (helmet restricted)
rElec    .         Reflect  .   (no cloak)
rCorr    +         Harm     .   (no gloves)
MR       .....                  (no boots)
Stlth    ..........             (no amulet)
HPRegen  0.18/turn              C - ring of resist corrosion
MPRegen  0.09/turn              n - ring of see invisible

@: flying, very slightly contaminated, invisible
A: retaliatory headbutt, horns 2
a: Upheaval, Renounce Religion


You were on level 6 of the Dungeon.
You worshipped Qazlal.
Qazlal was pleased with you.
You were not hungry.

You visited 1 branch of the dungeon, and saw 6 of its levels.

You collected 133 gold pieces.

Inventory:

Hand Weapons
 a - the +6 falchion of Zatwaerr (weapon) {protect, rPois}
   (You found it on level 4 of the Dungeon)

   It protects the one who uses it against injury (+AC on strike).
   It protects you from poison.
 b - a +0 hunting sling
 l - a +0 war axe
 y - a +1 spear of flaming
 B - a +2 short sword of venom
Missiles
 j - a throwing net (quivered)
 r - 103 stones
Armour
 c - a +0 shield
 q - a +1 scale mail (worn)
 t - a +0 large shield (worn)
Jewellery
 e - a +4 ring of strength {unknown}
 n - a ring of see invisible (right hand)
 C - a ring of resist corrosion (left hand)
Scrolls
 g - a scroll of enchant armour
 k - 9 scrolls of identify {unknown}
 p - 2 scrolls of teleportation {unknown}
 s - a scroll of magic mapping {unknown}
 u - a scroll of amnesia {unknown}
 w - 2 scrolls of fear {unknown}
Potions
 d - a potion of might
 h - a potion of cancellation
 m - a potion of invisibility
 o - a potion of degeneration {unknown}
 x - 2 potions of haste {unknown}
 A - 2 potions of flight
 D - a potion of magic {unknown}
Comestibles
 f - 7 rations


   Skills:
 + Level 5.2 Fighting
 - Level 2.0(2.3) Short Blades
 + Level 1.9(2.4) Long Blades
 - Level 3.0 Axes
 + Level 2.4 Slings
 + Level 5.3 Armour
 + Level 5.1 Shields


You had 5 spell levels left.
You didn't know any spells.
Your spell library contained the following spells:

 Spells                   Type           Power        Failure   Level  Hunger
 Animate Skeleton         Necr           N/A          100%        1    ##.....
 Pain                     Necr           #...         100%        1    ##.....
 Regeneration             Chrm/Necr      #.........   100%        3    ####...
 Vampiric Draining        Necr           #.........   100%        3    ####...
 Animate Dead             Necr           N/A          100%        4    #####..


Dungeon Overview and Level Annotations

Branches:
Dungeon (6/15)
 Temple: D:4-7

Altars:
Ashenzari
Dithmenos
Elyvilon
Gozag
Okawaru
Qazlal
Wu Jian
Yredelemnul

Annotations:
D:6 Menkaure


Innate Abilities, Weirdness & Mutations

You reflexively headbutt those who attack you in melee.
You have a pair of horns on your head.


Message History

Menkaure hits you!
* * * LOW HITPOINT WARNING * * *
Okay, then.
Okay, then.
Aiming: Upheaval
Press: ? - help, Dir - move target cursor, f - iguana
Aim: an iguana (blue smoke)
A blizzard blasts the area with ice!
The blast of ice hits the iguana!
The iguana is almost dead.
The iguana is flash-frozen.
The ice beast hits you but does no damage.
You block Menkaure's attack.
Okay, then.
You closely miss the ice beast. Your headbutt misses the ice beast.
The ice beast is severely wounded.
You block Menkaure's attack.
The ice beast hits you but does no damage.
You block Menkaure's attack. The ice beast hits you.
You die...

#.#..##.#
#..#.##.#
#.###(#.#
#..#....#
###l#####
## #.# ..
#§#
.####§###§#
.....§Y@Ml#
.####§#####
.§ ##


You could see an ice beast, Menkaure and an iguana.

Vanquished Creatures
  An ogre (D:6)
  A crimson imp (D:5)
  A howler monkey (D:4)
  A bullfrog skeleton (D:5)
  2 hounds
  A worker ant (D:4)
  4 gnolls
  3 adders
  3 oozes
  An adder skeleton (D:5)
  A worm (D:2)
  A dart slug (D:3)
  2 leopard geckos (D:1)
  2 orcs
  4 giant cockroaches
  7 goblins
  4 hobgoblins
  12 jackals
  2 quokkas
  A ball python (D:2)
  3 bats
  4 frilled lizards
  8 kobolds
  4 rats
73 creatures vanquished.

Notes
Turn   | Place    | Note
-------+----------+-------------------------------------------
     0 | D:1      | teukkam the Minotaur Fighter began the quest for the Orb.
     0 | D:1      | Reached XP level 1. HP: 19/19 MP: 0/0
    78 | D:3      | Found a stormy altar of Qazlal.
    86 | D:3      | Became a worshipper of Qazlal Stormbringer
    91 | D:3      | Reached XP level 2. HP: 27/27 MP: 1/1
   252 | D:1      | Reached XP level 3. HP: 33/33 MP: 2/2
   780 | D:1      | Reached * piety under Qazlal
  1130 | D:2      | Reached skill level 1 in Short Blades
  1214 | D:2      | Found a shattered altar of Ashenzari.
  1426 | D:2      | Reached XP level 4. HP: 41/41 MP: 3/3
  1602 | D:2      | Found an iron altar of Okawaru.
  1906 | D:3      | Found an opulent altar of Gozag.
  2121 | D:3      | Reached skill level 1 in Slings
  2183 | D:4      | Found a shadowy altar of Dithmenos.
  2191 | D:4      | Reached XP level 5. HP: 47/47 MP: 4/4
  2192 | D:4      | Reached ** piety under Qazlal
  2231 | D:4      | Got an ivory falchion
  2232 | D:4      | Identified the +6 falchion of Zatwaerr {protect, rPois}
                  | (You found it on level 4 of the Dungeon)
  2428 | D:4      | Found an ornate altar of the Wu Jian Council.
  2584 | D:5      | Entered Level 5 of the Dungeon
  2584 | D:5      | Found a basalt altar of Yredelemnul.
  2584 | D:5      | Noticed an ice beast
  2589 | D:5      | Noticed an ogre
  2591 | D:5      | Reached skill level 5 in Fighting
  2591 | D:5      | Reached skill level 1 in Long Blades
  2591 | D:5      | Reached skill level 5 in Armour
  2591 | D:5      | Reached XP level 6. HP: 33/56 MP: 5/5
  2605 | D:5      | Found a white marble altar of Elyvilon.
  2662 | D:6      | Noticed Menkaure
  2676 | D:6      | Noticed an ice beast
  2681 | D:6      | HP: 2/56 [ogre/+0 giant club (17)]
  2688 | D:6      | Reached skill level 5 in Shields
  2690 | D:6      | HP: 1/56 [Menkaure (11)]
  2692 | D:6      | Slain by an ice beast

Skill      XL: |  1  2  3  4  5  6 |
---------------+-------------------+-----
Fighting       | 4 5 |  5.2
Armour         | 4 5 |  5.3
Shields        | 4 5 |  5.1
Axes           | 3 |  3.0
Short Blades   | 1 2 |  2.0
Slings         | 1 2 |  2.4
Long Blades    | 1 |  1.9

Action                   |  1- 3 |  4- 6 || total
-------------------------+-------+-------++-------
Melee: War axe           |    26 |       ||    26
       Headbutt          |    11 |    16 ||    27
       Short sword       |    48 |    59 ||   107
       Falchion          |       |    36 ||    36
 Fire: Hunting sling     |     2 |     2 ||     4
Throw: Throwing net      |     1 |       ||     1
Invok: Upheaval          |       |     1 ||     1
  Use: Potion            |       |     5 ||     5
       Scroll            |       |     3 ||     3
 Stab: Invisible         |       |     1 ||     1
  Eat: Ration            |     1 |       ||     1
       Chunk             |       |     2 ||     2
Armor: Scale mail        |    23 |    45 ||    68
Dodge: Dodged            |    15 |    18 ||    33
Block: Shield            |    31 |       ||    31
       Large shield      |     5 |   121 ||   126
       Rpst.: Falchion   |       |     4 ||     4
